 Dungeon Crawl Stone Soup version 0.27.1-33-g824d729ab1 (webtiles) character file.

Game seed: 10051109404539205891

89 halfoni the Chopper (level 4, -1/37 HPs)
             Began as a Human Berserker on Dec 18, 2021.
             Was a Believer of Trog.
             Succumbed to an adder's poison
             ... on level 3 of the Dungeon.
             The game lasted 00:02:55 (2680 turns).

halfoni the Chopper (Human Berserker)               Turns: 2680, Time: 00:02:56

Health: -1/37      AC:  5    Str: 18    XL:     4   Next: 84%
Magic:  4/4        EV: 11    Int:  7    God:    Trog [**....]
Gold:   70         SH:  0    Dex: 13    Spells: 3/3 levels left

rFire    . . .     SeeInvis .   a - +0 hand axe
rCold    . . .     Faith    .   (no shield)
rNeg     . . .     Spirit   .   h - +0 ring mail
rPois    .         Reflect  .   (no helmet)
rElec    .         Harm     .   (no cloak)
rCorr    .         Rampage  .   (no gloves)
Will     .....                  (no boots)
Stlth    +.........             (no amulet)
HPRegen  0.12/turn              (no ring)
MPRegen  0.09/turn              (no ring)

@: lethally poisoned (-1 -> -15), on berserk cooldown, slowed, very slow
A: no striking features
a: Renounce Religion, Berserk, Trog's Hand


You were on level 3 of the Dungeon.
You worshipped Trog.
Trog was pleased with you.
You visited 1 branch of the dungeon, and saw 3 of its levels.

You collected 70 gold pieces.

Inventory:

Hand Weapons
 a - a +0 hand axe (weapon)
Missiles
 c - a throwing net (quivered)
Armour
 h - a +0 ring mail (worn)
Scrolls
 d - a scroll of identify {unknown}
 e - a scroll of enchant weapon {unknown}
Potions
 b - 2 potions of curing {unknown}
 g - a potion of heal wounds {unknown}


   Skills:
 + Level 3.9 Fighting
 + Level 4.0 Axes
 + Level 2.2 Armour
 + Level 2.4 Dodging


You had 3 spell levels left.
You didn't know any spells.
Your spell library was empty.

Dungeon Overview and Level Annotations

Branches:
Dungeon (3/15)

Altars:


Message History

You are no longer poisoned.
The adder completely misses you. The adder bites you but does no damage.
You miss the adder.
The adder is moderately wounded.
The adder closely misses you. x2
You hit the adder.
The adder is severely wounded.
The adder bites you but does no damage. The adder bites you.
You barely miss the adder.
The adder is severely wounded.
The adder bites you. The adder bites you but does no damage.
You barely miss the adder.
The adder is severely wounded.
The adder closely misses you. The adder bites you.
You are poisoned.
The adder poisons you!
You hit the adder but do no damage.
The adder is severely wounded.
You feel very sick.
The adder bites you but does no damage. x2
Your ring mail prevents you from hitting the adder.
The adder is severely wounded.
You feel sick. The adder bites you.
* * * LOW HITPOINT WARNING * * *
You are more poisoned.
The adder poisons you! The adder bites you.
* * * LOW HITPOINT WARNING * * *
The adder barely misses you.
You closely miss the adder.
The adder is heavily wounded.
You hear the slow rusting of a very distant drain.
* * * LOW HITPOINT WARNING * * *
You feel very sick. The adder bites you but does no damage.
The adder bites you.
* * * LOW HITPOINT WARNING * * *
You are more poisoned.
The adder poisons you!
You miss the adder.
The adder is heavily wounded.
You die...

.≈.≈.≈.≈# #.# #.#
⌠.§§⌠...###.# #<#
.§§≈.≈.≈§...######.#
..§§§.⌠............#
.≈§§.≈..############
.####.#.# #.#.##
#..S.## #..@..#
#.....# #.....#
##...## #####


You could see an adder.

Vanquished Creatures
  3 adders
  2 worms (D:2)
  2 dart slugs (D:1)
  4 endoplasms (D:1)
  3 giant cockroaches (D:1)
  4 hobgoblins
  7 jackals
  5 kobolds
  4 quokkas
  2 ball pythons (D:1)
  4 bats
  4 frilled lizards
  6 rats
  3 toadstools (D:1)
53 creatures vanquished.

Vanquished Creatures (others)
  A toadstool (D:1)
1 creature vanquished.

Grand Total: 54 creatures vanquished

Notes
Turn   | Place    | Note
-------+----------+-------------------------------------------
     0 | D:1      | halfoni the Human Berserker began the quest for the Orb.
     0 | D:1      | Reached XP level 1. HP: 18/18 MP: 1/1
    39 | D:1      | Reached XP level 2. HP: 17/24 MP: 2/2
   441 | D:1      | Reached XP level 3. HP: 29/29 MP: 3/3
   630 | D:1      | Reached ** piety under Trog
  1458 | D:2      | Reached XP level 4. HP: 34/37 MP: 4/4
  2657 | D:3      | Reached skill level 4 in Axes
  2680 | D:3      | Succumbed to an adder's poison

Illustrated notes

Levels and vault maps discovered:
D:1:      ldierk_water_garden, layout_rooms, grunt_decor_arrowhead
D:2:      layout_loops_ring
D:3:      layout_loops_ring, portal_sewer_entry_f,
          shapermc_ecumenical_altar_starsandcircs, kennysheep_crisscross,
          minmay_diced_spiral

Skill      XL: |  1  2  3  4 |
---------------+-------------+-----
Axes           | 4 |  4.0
Fighting       | |  3.9
Armour         | |  2.2
Dodging        | |  2.4

Action                   |  1- 3 |  4- 6 || total
-------------------------+-------+-------++-------
Melee: Hand axe          |    75 |    71 ||   146
Invok: Berserk           |     2 |     2 ||     4
 Stab: Sleeping          |     2 |       ||     2
Armor: Animal skin       |    15 |       ||    15
       Leather armour    |     7 |    12 ||    19
       Ring mail         |       |    17 ||    17
Dodge: Dodged            |    59 |    47 ||   106
